Map: Ruins of Endion

Players

PtitDrogo - Winner!

  • Race: Protoss Protoss
  • League: Grandmaster

LiquidTLO (TLO)

  • Race: Zerg Zerg
  • League: Grandmaster

VOD

Have the link to the VOD?

Description

Time

  • Played on: July 2, 2016, 10:06 a.m.
  • Length: 6:20
Show
View Real Time Build Order
Export as new Build Order

PtitDrogo Protoss - Winner!

Build Orders: 1 Gate Expand, Oracle Opening 

Get SALT Encoding   

  12  0:01  Probe (Chrono Boost)  
  13  0:11  Probe (Chrono Boost)  
  14  0:18  Pylon  
  14  0:22  Probe (Chrono Boost)  
  15  0:36  Probe (Chrono Boost)  
  15  0:37  Gateway  
  16  0:46  Probe (Chrono Boost)  
  17  0:50  Assimilator  
  17  0:57  Probe (Chrono Boost)  
  18  1:08  Probe (Chrono Boost)  
  19  1:21  Nexus  
  19  1:29  Cybernetics Core  
  20  1:32  Probe (Chrono Boost)  
  20  1:37  Assimilator  
  20  1:44  Probe (Chrono Boost)  
  21  1:50  Pylon  
  21  1:54  Probe (Chrono Boost)  
  22  2:12  Mothership Core (Chrono Boost)  
  24  2:19  Adept  
  26  2:28  Pylon  
  26  2:30  Probe (Chrono Boost)  
  26  2:32  Warp Gate (Chrono Boost)  
  26  2:35  Probe (Chrono Boost)  
  28  2:41  Probe  
  29  2:46  Probe  
  30  2:53  Probe  
  30  2:57  Stargate, Pylon  
  31  2:58  Probe  
  34  3:07  Probe (Chrono Boost)  
  34  3:11  Probe (Chrono Boost)  
  34  3:16  Probe (Chrono Boost)  
  34  3:19  Gateway  
  35  3:22  Gateway  
  36  3:27  Probe  
  36  3:30  Adept  
  38  3:35  Gateway  
  38  3:37  Pylon  
  38  3:39  Probe  
  38  3:40  Probe  
  40  3:45  Oracle (Chrono Boost)  
  44  3:55  Probe x2  
  44  3:59  Adept, Pylon  
  47  4:07  Probe  
  47  4:08  Pylon, Probe  
  49  4:18  Oracle (Chrono Boost)  
  49  4:20  Probe x2 (Chrono Boost)  
  54  4:30  Probe x2 (Chrono Boost)  
  56  4:34  Assimilator  
  56  4:35  Assimilator  
  56  4:36  Sentry, Zealot  
  60  4:41  Probe x2 (Chrono Boost)  
  60  4:43  Stalker x2  
  66  4:51  Probe (Chrono Boost)  
  66  4:52  Probe (Chrono Boost)  
  68  4:56  Robotics Facility  
  68  5:02  Probe x2 (Chrono Boost)  
  64  5:25  Probe x2 (Chrono Boost)  
  54  5:32  Zealot x3  
  54  5:33  Zealot  
  54  5:34  Pylon  
  54  5:35  Pylon, Probe (Chrono Boost)  
  58  5:46  Probe (Chrono Boost)  
  58  5:47  Pylon  
  59  5:50  Probe (Chrono Boost)  
  59  5:56  Probe (Chrono Boost)  
  60  5:59  Probe (Chrono Boost)  
  65  6:08  Probe  
  65  6:11  Sentry x4  
  68  6:14  Pylon  
Show
View Real Time Build Order
Export as new Build Order

LiquidTLO Zerg 

Build Orders: Pool First, Zergling Baneling 

Get SALT Encoding   

  12  0:01  Drone  
  13  0:13  Overlord  
  13  0:21  Drone  
  14  0:32  Drone  
  14  0:33  Drone  
  16  0:37  Drone  
  17  0:43  Extractor  
  17  0:47  Spawning Pool  
  15  0:51  Drone  
  15  0:56  Drone  
  17  1:15  Drone  
  18  1:23  Hatchery  
  17  1:34  Zergling x2  
  17  1:38  Queen  
  20  1:45  Metabolic Boost  
  20  1:53  Overlord  
  20  2:03  Zergling x2  
  20  2:06  Zergling x2  
  22  2:09  Evolution Chamber  
  22  2:13  Zergling x2  
  22  2:18  Zergling x2  
  23  2:27  Zergling x2  
  24  2:35  Zergling x2  
  25  2:37  Zergling x2  
  25  2:41  Queen  
  28  2:48  Zergling x2  
  28  2:49  Zergling x2  
  28  2:55  Zergling x2  
  29  3:03  Zergling x2  
  30  3:06  Drone  
  30  3:07  Drone  
  30  3:10  Drone  
  33  3:14  Drone  
  33  3:17  Drone  
  35  3:21  Drone  
  36  3:30  Overlord  
  36  3:37  Zerg Melee Weapons Level 1  
  36  3:44  Overlord  
  36  3:51  Drone  
  36  3:54  Drone  
  36  3:55  Drone x3  
  40  4:00  Drone  
  41  4:03  Drone  
  41  4:04  Drone  
  42  4:12  Baneling Nest  
  42  4:14  Zergling x2  
  42  4:15  Extractor  
  42  4:16  Zergling x2  
  42  4:19  Zergling x2  
  42  4:22  Zergling x2  
  44  4:26  Spore Crawler  
  44  4:27  Zergling x2  
  44  4:29  Zergling x2  
  45  4:31  Zergling x2  
  45  4:33  Zergling x2  
  45  4:38  Zergling x2  
  48  4:39  Zergling x2  
  49  4:45  Zergling x2  
  49  4:55  Baneling x3  
  49  4:56  Baneling x5  
  49  4:58  Zergling x2  
  50  5:01  Zergling x2  
  50  5:05  Baneling  
  43  5:29  Zergling x2  
  43  5:30  Zergling x2  
  43  5:31  Overlord, Zergling x2  
  42  5:36  Zergling x4  
  42  5:38  Zergling x6  
  42  5:39  Zergling x2  
  42  5:40  Zergling x2  
  42  5:42  Zergling x2  
  41  5:50  Zergling x8  
  41  5:53  Zergling x2  
  45  6:01  Zergling x2  
Tags
 
Add a new tag
Caveats
  • Supply blocks, unpowered buildings, or Contaminate may cause inaccurate times.
  • Supply counts are checked every 10 seconds.